 Dungeon Crawl Stone Soup version 0.20.1-1-g8b1a95d (webtiles) character file.

4391 Ivernyr the Quickloader (level 10, -9/85 HPs)
             Began as a Deep Dwarf Hunter on Sept 22, 2017.
             Was a Priest of Elyvilon.
             Mangled by a swamp worm (20 damage)
             ... on level 9 of the Dungeon.
             The game lasted 00:34:43 (7929 turns).

Ivernyr the Quickloader (Deep Dwarf Hunter)         Turns: 7929, Time: 00:34:44

Health: -9/85      AC:  8    Str: 16    XL:     10   Next: 13%
Magic:  9/9        EV: 12    Int: 12    God:    Elyvilon [***...]
Gold:   613        SH:  0    Dex: 16    Spells: 9/9 levels left

rFire    + + .     SeeInvis .   a - +1 hand crossbow
rCold    + . .     Gourm    +   (no shield)
rNeg     . . .     Faith    .   c - +0 scale mail {rF+}
rPois    .         Spirit   .   (helmet restricted)
rElec    .         Reflect  .   (no cloak)
rCorr    +         Harm     .   (no gloves)
MR       +....                  K - +0 pair of boots
Stlth    ..........             t - amulet of the gourmand
Regen    0.0/turn               r - ring of protection from cold
MPRegen  0.2/turn               C - ring of resist corrosion

@: non-regenerating, very slow
A: damage resistance, heal wounds, horns 1, fire resistance 1, sense
surroundings 2, MP-powered wands, no regeneration
a: Heal Wounds, Lesser Healing, Heal Other, Purification, Divine Protection,
Renounce Religion


You were on level 9 of the Dungeon.
You worshipped Elyvilon.
Elyvilon was most pleased with you.
You were very full.

You visited 2 branches of the dungeon, and saw 10 of its levels.

You collected 613 gold pieces.

Inventory:

Hand Weapons
 a - a +1 hand crossbow (weapon)
 b - a +0 battleaxe
Missiles
 d - 96 bolts (quivered)
Armour
 c - a +0 scale mail of fire resistance (worn)
 q - a +0 helmet
 K - a +0 pair of boots (worn)
Jewellery
 r - a ring of protection from cold (left hand)
 t - an amulet of the gourmand (around neck)
 C - a ring of resist corrosion (right hand)
Wands
 y - a wand of paralysis (17/24)
 B - a wand of disintegration (11/24)
 D - a wand of polymorph (18/24)
 I - a wand of scattershot (4/9)
Scrolls
 e - 3 scrolls of amnesia {unknown}
 g - 7 scrolls of identify {unknown}
 i - 6 scrolls of teleportation {unknown}
 j - 2 scrolls of fog {unknown}
 n - a scroll of immolation {unknown}
 o - 6 scrolls of remove curse {unknown}
 u - 2 scrolls of recharging {unknown}
 w - a scroll of noise {unknown}
 z - a scroll of fear {unknown}
 A - a scroll of blinking {unknown}
 H - a scroll of enchant armour {unknown}
 J - a scroll of enchant weapon {unknown}
 L - a scroll of magic mapping {unknown}
Potions
 k - 2 potions of curing
 l - 3 potions of heal wounds {unknown}
 m - a potion of degeneration {unknown}
 s - a potion of flight {unknown}
 x - 2 potions of mutation {unknown}
 E - a potion of might {unknown}
 G - a potion of brilliance {unknown}
 M - 2 potions of cancellation {unknown}
Books
 F - a book of Callings

   Spells                             Type                      Level
   a - Summon Small Mammal            Summoning                    1
   b - Call Imp                       Summoning                    2
   c - Call Canine Familiar           Summoning                    3
   d - Summon Guardian Golem          Hexes/Summoning              3
   e - Summon Lightning Spire         Summoning/Air                4
   f - Summon Ice Beast               Ice/Summoning                4
Comestibles
 f - 5 bread rations
 h - 8 meat rations
 p - 3 royal jellies
 v - 10 fruits
 N - a chunk of flesh


   Skills:
 - Level 4.0 Fighting
 + Level 6.4 Axes
 * Level 11.3 Crossbows
 + Level 5.5 Armour
 - Level 5.0 Dodging
 - Level 1.2 Stealth
 + Level 6.9 Invocations


You had 9 spell levels left.
You didn't know any spells.

Dungeon Overview and Level Annotations

Branches:
Dungeon (9/15)             Temple (1/1) D:4            Lair (0/6) D:8
    Orc: D:9-12

Altars:
Ashenzari
Cheibriados
Dithmenos
Elyvilon
Fedhas
Gozag
Hepliaklqana
Kikubaaqudgha
Makhleb
Nemelex Xobeh
Okawaru
Qazlal
Ru
Sif Muna
Trog
Uskayaw
Vehumet
Xom
Yredelemnul
Zin
The Shining One


Innate Abilities, Weirdness & Mutations

You are resistant to damage.
You can heal yourself by infusing magical energy.
You passively map the area around you.
You do not regenerate.
You have a pair of small horns on your head.
Your flesh is heat resistant. (rF+)
You expend magic power (3 MP) to strengthen your wands.


Message History

d - 94 bolts (gained 9)
You see here a swamp worm corpse.
d - 96 bolts (gained 2)
A swamp worm bursts forth from the water.
The swamp worm misses you. The swamp worm barely misses you.
A swamp worm bursts forth from the water.
The swamp worm bites you but does no damage.
The swamp worm bites you but does no damage.
The swamp worm barely misses you. The swamp worm bites you.
* * * LOW HITPOINT WARNING * * *
The swamp worm bites you!
* * * LOW HITPOINT WARNING * * *
The swamp worm bites you. The swamp worm closely misses you.
You feel much better. The swamp worm bites you.
The swamp worm closely misses you. The swamp worm bites you!
The swamp worm bites you!!
* * * LOW HITPOINT WARNING * * *
The swamp worm bites you!!
You die...

............#..#.#######(#..####
............#..#.......(...###8##
####.##.#.###.............##≈≈_#.
.....#...................##≈≈..##
#######.≈≈≈≈≈≈≈..........#≈≈...##
##≈≈≈≈≈≈≈≈≈≈≈........'...._8#
#≈≈≈#######≈≈≈.......#≈§...##
#≈≈##≈≈≈≈≈#≈≈).......##§§..##
##≈≈#$≈≈≈≈≈ww@†........##§§_#.
####.≈≈##≈≈≈≈≈#P≈≈##.......###8##
.....≈≈≈#######≈≈≈..........####
.....#≈≈≈≈≈≈≈≈≈≈≈[............###
...).###≈≈≈≈≈≈≈............<.....
.....# ###.#.#.#......##.#..#####
.....# #...#.#.....÷...#..# #
.....#######.#.#.........#..#####
.............#...........#......#


You could see 2 swamp worms.

Vanquished Creatures
  Sigmund (D:3)
  Eustachio (D:5)
  A steam dragon (D:9)
  3 swamp worms (D:9)
  Edmund (D:5)
  An orc warrior (D:7)
  An ice beast (D:6)
  3 sky beasts
  A black bear (D:4)
  4 ogres
  3 phantoms
  A centaur (D:7)
  Blork the orc (D:5)
  5 bullfrogs
  A water moccasin skeleton (D:4)
  A scorpion (D:7)
  3 killer bees (D:7)
  4 howler monkeys
  A crimson imp (D:9)
  A quasit (D:6)
  2 centaur zombies (D:6)
  A centaur skeleton (D:8)
  A jelly (D:6)
  4 orc priests
  3 hounds
  2 bullfrog skeletons
  Terence (D:2)
  An iguana (D:5)
  Natasha (thrice) (D:3)
  11 orc wizards
  6 worker ants
  A hound skeleton (D:7)
  Robin (D:3)
  2 worker ant zombies (D:5)
  4 gnolls (D:4)
  11 adders
  A shadow imp (D:7)
  2 oozes
  An adder zombie (D:9)
  An adder skeleton (D:5)
  18 worms
  2 dart slugs (D:1)
  6 leopard geckos
  26 orcs
  A ball python (D:2)
  7 bats
  5 giant cockroaches
  10 goblins
  13 hobgoblins
  10 jackals
  5 quokkas
  4 frilled lizards
  7 kobolds
  A quokka skeleton (D:7)
  4 rats
  A plant (D:9)
217 creatures vanquished.

Vanquished Creatures (others)
  2 plants (D:9)
2 creatures vanquished.

Grand Total: 219 creatures vanquished

Notes
Turn   | Place    | Note
-------+----------+-------------------------------------------
     0 | D:1      | Ivernyr the Deep Dwarf Hunter began the quest for the Orb.
     0 | D:1      | Reached XP level 1. HP: 19/19 MP: 1/1
    89 | D:1      | Reached XP level 2. HP: 23/26 MP: 2/2
   471 | D:1      | Reached skill level 5 in Crossbows
   475 | D:1      | Reached XP level 3. HP: 24/32 MP: 3/3
   962 | D:2      | Noticed Terence
   971 | D:2      | Killed Terence
   971 | D:2      | Reached XP level 4. HP: 23/40 MP: 4/4
  1540 | D:3      | Found a hazy altar of Hepliaklqana.
  1602 | D:3      | Noticed Natasha
  1605 | D:3      | Killed Natasha
  1609 | D:3      | Noticed Natasha
  1618 | D:3      | Killed Natasha
  1618 | D:3      | Reached XP level 5. HP: 38/46 MP: 5/5
  1642 | D:3      | Noticed Robin
  1653 | D:3      | Killed Robin
  1653 | D:3      | Reached skill level 1 in Axes
  1653 | D:3      | Reached skill level 6 in Crossbows
  1680 | D:3      | Noticed Sigmund
  1704 | D:3      | Killed Sigmund
  1704 | D:3      | Reached XP level 6. HP: 23/56 MP: 6/6
  1860 | D:3      | Noticed Natasha
  1867 | D:3      | Killed Natasha
  2350 | D:4      | Reached skill level 7 in Crossbows
  2395 | D:4      | Reached XP level 7. HP: 60/62 MP: 7/7
  2490 | D:4      | Found a blossoming altar of Fedhas.
  2692 | D:4      | Found a staircase to the Ecumenical Temple.
  2698 | Temple   | Entered the Ecumenical Temple
  2753 | Temple   | Became a worshipper of Elyvilon the Healer
  3145 | D:4      | Reached skill level 5 in Dodging
  3334 | D:5      | Entered Level 5 of the Dungeon
  3335 | D:5      | Reached * piety under Elyvilon
  3364 | D:5      | Reached skill level 8 in Crossbows
  3422 | D:5      | Reached XP level 8. HP: 50/72 MP: 8/8
  3436 | D:5      | Reached skill level 1 in Armour
  3436 | D:5      | Reached skill level 1 in Invocations
  3467 | D:5      | Found a sacrificial altar of Ru.
  3622 | D:5      | Noticed Eustachio
  3658 | D:5      | Killed Eustachio
  3754 | D:5      | Reached ** piety under Elyvilon
  3812 | D:5      | Noticed Blork the orc
  3817 | D:5      | Killed Blork the orc
  4157 | D:5      | Found an iron altar of Okawaru.
  4256 | D:5      | Noticed Edmund
  4273 | D:5      | Killed Edmund
  4498 | D:6      | Reached skill level 9 in Crossbows
  4561 | D:6      | Gained mutation: Your magical capacity is low. (-10% MP) [mutagenic meat]
  4562 | D:6      | Gained mutation: You are clumsy. (Dex -2) [mutagenic meat]
  4563 | D:6      | Gained mutation: You have a pair of small horns on your head. [mutagenic meat]
  4564 | D:6      | Gained mutation: Your flesh is heat resistant. (rF+) [mutagenic meat]
  4565 | D:6      | Lost mutation: You are clumsy. (Dex -2) [mutagenic meat]
  4566 | D:6      | Gained mutation: Your spells are a little harder to cast, but a little more powerful. [mutagenic meat]
  4710 | D:6      | Found a bloodstained altar of Trog.
  4723 | D:6      | Found a shimmering altar of Xom.
  4727 | D:6      | Found a shimmering altar of Xom.
  4727 | D:6      | Found a shimmering altar of Xom.
  4729 | D:6      | Found a shimmering altar of Xom.
  4803 | D:6      | Gained mutation: You passively map the area around you. [Deep Dwarf growth]
  4803 | D:6      | Reached XP level 9. HP: 68/78 MP: 11/11
  4812 | D:6      | Reached skill level 5 in Axes
  5532 | D:7      | Reached skill level 5 in Invocations
  5571 | D:7      | Reached skill level 10 in Crossbows
  6604 | D:8      | Found an ancient bone altar of Kikubaaqudgha.
  6614 | D:8      | Reached skill level 5 in Armour
  6619 | D:8      | Identified Kikubaaqudgha's Compendium of Necromancy
  6633 | D:8      | Found a deep blue altar of Sif Muna.
  6649 | D:8      | Found a radiant altar of Vehumet.
  6690 | D:8      | Found a glowing golden altar of the Shining One.
  7057 | D:8      | Found a staircase to the Lair.
  7140 | D:9      | Reached skill level 11 in Crossbows
  7229 | D:9      | Reached *** piety under Elyvilon
  7246 | D:9      | Reached XP level 10. HP: 65/85 MP: 9/9
  7631 | D:9      | Gained mutation: You expend magic power (3 MP) to strengthen your wands. [mutagenic meat]
  7632 | D:9      | Lost mutation: Your spells are a little harder to cast, but a little more powerful. [mutagenic meat]
  7633 | D:9      | Lost mutation: Your magical capacity is low. (-10% MP) [mutagenic meat]
  7807 | D:9      | Found an opulent altar of Gozag.
  7807 | D:9      | Found a glowing silver altar of Zin.
  7808 | D:9      | Found a sacrificial altar of Ru.
  7929 | D:9      | Mangled by a swamp worm

Skill      XL: |  1  2  3  4  5  6  7  8  9 |
---------------+----------------------------+-----
Fighting       | 2 3 4 |  4.0
Crossbows      | 5 6 7 8 9 11 | 11.3
Dodging        | 3 4 5 |  5.0
Axes           | 1 2 3 4 6 |  6.4
Armour         | 3 5 |  5.5
Invocations    | 4 6 |  6.9
Stealth        | |  1.2

Action                   |  1- 3 |  4- 6 |  7- 9 | 10-12 || total
-------------------------+-------+-------+-------+-------++-------
Melee: Short sword       |   146 |    57 |       |       ||   203
       War axe           |       |    71 |   481 |       ||   552
       Headbutt          |       |       |    57 |    13 ||    70
       Battleaxe         |       |       |   121 |    72 ||   193
 Fire: Hand crossbow     |    17 |    48 |    90 |    26 ||   181
Invok: Lesser Healing    |       |       |    42 |     6 ||    48
       Heal Other        |       |       |     7 |       ||     7
 Abil: Heal Wounds       |       |     5 |    13 |    12 ||    30
  Use: Potion            |       |       |     3 |       ||     3
 Stab: Sleeping          |     1 |       |       |       ||     1
  Eat: Chunk             |       |     5 |    40 |     7 ||    52
Armor: Leather armour    |    31 |       |       |       ||    31
       Scale mail        |    24 |    76 |   331 |    38 ||   469
Dodge: Dodged            |   122 |   107 |   608 |    66 ||   903
